 Dungeon Crawl Stone Soup version 0.22-a0-271-gc000056 (webtiles) character file.

490 nikopol the Magician (level 6, -1/33 HPs)
             Began as a Deep Elf Fire Elementalist on Mar 10, 2018.
             Slain by an orc wizard
             ... wielding a +0 dagger
              (3 damage)
             ... on level 3 of the Dungeon.
             The game lasted 00:16:16 (3636 turns).

nikopol the Magician (Deep Elf Fire Elementalist)   Turns: 3636, Time: 00:16:17

Health: -1/33      AC:  3    Str:  5    XL:     6   Next: 90%
Magic:  11/16      EV: 14    Int: 22    God:
Gold:   128        SH:  0    Dex: 15    Spells: 6/16 levels left

rFire    . . .     SeeInvis .   (no weapon)
rCold    . . .     Gourm    .   (no shield)
rNeg     . . .     Faith    .   a - +0 robe
rPois    +         Spirit   .   i - +0 helmet
rElec    .         Reflect  .   (no cloak)
rCorr    .         Harm     .   (no gloves)
MR       .....                  (no boots)
Stlth    ++........             k - amulet of regeneration
HPRegen  0.51/turn              b - ring of poison resistance
MPRegen  0.15/turn              (no ring)

@: no status effects
A: no striking features
a: no special abilities


You were on level 3 of the Dungeon.
You were not hungry.

You visited 1 branch of the dungeon, and saw 4 of its levels.

You collected 128 gold pieces.

Inventory:

Armour
 a - a +0 robe (worn)
 i - a +0 helmet (worn)
Jewellery
 b - a ring of poison resistance (left hand)
 k - an amulet of regeneration (around neck)
Scrolls
 d - a scroll of noise {unknown}
 f - a scroll of enchant weapon
 m - 2 scrolls of fog {unknown}
Potions
 e - 2 potions of lignification
 h - a potion of curing
 l - a potion of heal wounds {unknown}
 n - 2 potions of brilliance {unknown}
 o - a potion of flight {unknown}
Comestibles
 c - 3 rations


   Skills:
 + Level 0.5 Fighting
 + Level 3.6 Dodging
 + Level 3.4 Stealth
 + Level 5.7 Spellcasting
 + Level 3.8 Conjurations
 + Level 5.4 Fire Magic


You had 6 spell levels left.
You knew the following spells:

 Your Spells              Type           Power        Failure   Level  Hunger
a - Flame Tongue          Conj/Fire      ####.        1%          1    None
b - Throw Flame           Conj/Fire      ####..       1%          2    None
c - Conjure Flame         Conj/Fire      ####....     4%          3    ##.....
d - Sticky Flame          Conj/Fire      ####....     14%         4    ####...


Dungeon Overview and Level Annotations

Branches:
Dungeon (4/15)
 Temple: D:4-7

Altars:
Ashenzari
Fedhas
Uskayaw
Yredelemnul


Message History

There is a stone staircase leading up here.
The orc priest mumbles some strange prayers to Beogh against you.
Beogh smites you!
The orc wizard casts a spell.
The orc wizard seems to speed up.
The orc wizard points at you and mumbles some strange words.
The puff of flame hits you!
* * * LOW HITPOINT WARNING * * *
You climb upwards.
You feel less confused.
There is a stone staircase leading down here.
Casting: Flame Tongue (safe; 1% risk of failure)
Confirm with . or Enter, or press ? or * to list all spells.
Aiming: Throw Flame (safe; 1% risk of failure)
Press: ? - help, Shift-Dir - straight line, f - orc wizard
Aim: an orc wizard, wielding a dagger and wearing a robe (heavily wounded)
The puff of flame hits the orc wizard.
The orc wizard is almost dead.
The orc wizard hits you with a dagger.
You die...

##....######..##.###########.####
##....'..........##8##8##8##.##8#
##....#######..#.'..........(....
##...<'........#.##8##8##8##.##8#
##....#######....###########.####
###'##### #.#...........#8.8#
........# #.#...###.....##.##
........# #.#o..#.......##.##
........# #.##@.#.......#8.8#
........# #.#...#.......##.##
........# #.#.###.....).##.##
........# #.#...........#8.8#
........# #.#####..#....##.##
........# #..........##.##'#
######### #############....#
######


You could see an orc wizard.

Vanquished Creatures
  A hippogriff (D:3)
  The ghost of Nib the Skirmisher, an amateur MiFi (D:3)
  A gnoll shaman (D:2)
  An orc wizard (D:3)
  Robin (D:3)
  5 gnolls (D:2)
  An adder (D:2)
  An ooze (D:3)
  A worm (D:2)
  3 dart slugs (D:2)
  A leopard gecko (D:2)
  12 orcs
  2 gnoll zombies (D:3)
  10 goblins
  6 hobgoblins (D:3)
  3 jackals (D:2)
  4 kobolds
  A ball python (D:2)
  5 bats
  4 frilled lizards
  A leopard gecko skeleton (D:3)
  12 rats
77 creatures vanquished.

Notes
Turn   | Place    | Note
-------+----------+-------------------------------------------
     0 | D:1      | nikopol the Deep Elf Fire Elementalist began the quest for the Orb.
     0 | D:1      | Reached XP level 1. HP: 10/10 MP: 6/6
   650 | D:2      | Reached XP level 2. HP: 5/15 MP: 0/8
   654 | D:2      | Learned a level 2 spell: Throw Flame
  1232 | D:2      | Reached XP level 3. HP: 19/19 MP: 6/9
  1476 | D:2      | Found a hide-covered altar of Uskayaw.
  1538 | D:2      | Reached XP level 4. HP: 24/24 MP: 1/11
  1853 | D:2      | Found a blossoming altar of Fedhas.
  2144 | D:3      | Found a faded altar of an unknown god.
  2166 | D:3      | Found a shattered altar of Ashenzari.
  2166 | D:3      | Noticed Nib's ghost (amateur MiFi)
  2209 | D:3      | Killed Nib's ghost
  2209 | D:3      | Reached XP level 5. HP: 12/28 MP: 0/13
  2460 | D:3      | Noticed Robin
  2693 | D:2      | Learned a level 3 spell: Conjure Flame
  2698 | D:2      | Learned a level 4 spell: Sticky Flame
  2869 | D:3      | Killed Robin
  3023 | D:3      | Reached skill level 5 in Fire Magic
  3033 | D:3      | Reached XP level 6. HP: 32/32 MP: 8/15
  3201 | D:3      | Noticed a hippogriff
  3211 | D:3      | Killed a hippogriff
  3211 | D:3      | Reached skill level 5 in Spellcasting
  3392 | D:3      | Found a basalt altar of Yredelemnul.
  3634 | D:4      | HP: 1/33 [orc wizard/puff of flame (11)]
  3636 | D:3      | Slain by an orc wizard

Vault maps used:
D:1:      dpeg_arrival_connections, corexii_corridor_pit
D:2:      eat_drink_and_be_merry_uskayaw, wad_floor_pattern_untrapped,
          fedhas_altar_fruit_tree
D:3:      lemuel_zombie_altar_yredelemnul,
          chequers_ecumenical_altar_simple_redux, dk_noncrumbling_2,
          minmay_misc_feat_roman, evilmike_ruin_ashenzari, uniq_robin
D:4:      uniq_menkaure, uniq_crazy_yiuf_cottage

Skill      XL: |  1  2  3  4  5  6 |
---------------+-------------------+-----
Dodging        | 3 |  3.6
Fire Magic     | 4 5 |  5.4
Conjurations   | 2 3 |  3.8
Spellcasting   | 4 5 |  5.7
Stealth        | 3 |  3.4
Fighting       | |  0.5

Action                   |  1- 3 |  4- 6 || total
-------------------------+-------+-------++-------
Melee: Unarmed           |       |     1 ||     1
 Cast: Flame Tongue      |    51 |   126 ||   177
       Conjure Flame     |       |     2 ||     2
       Throw Flame       |       |     2 ||     2
  Use: Scroll            |       |     5 ||     5
       Potion            |       |     2 ||     2
  Eat: Chunk             |     2 |     6 ||     8
Armor: Robe              |     8 |     6 ||    14
Dodge: Dodged            |    16 |    50 ||    66

Table legend:
 A = Spawn XP
 B = Non-spawn XP
 C = Spawn XP percentage of total XP
 D = Spawn monster count
 E = Non-spawn monster count
 F = Spawn count percentage of total count
 G = Total turns spent on level
                    A         B        C        D         E        F      G
               +---------+---------+-------+---------+---------+-------+---------
         Total |       0 |     700 |   0.0 |       0 |      77 |   0.0 |  3636
               +---------+---------+-------+---------+---------+-------+---------
           D:1 |       0 |       6 |   0.0 |       0 |       4 |   0.0 |   583
           D:2 |       0 |     169 |   0.0 |       0 |      28 |   0.0 |  1896
           D:3 |       0 |     525 |   0.0 |       0 |      45 |   0.0 |  1143
               +---------+---------+-------+---------+---------+-------+---------
